 Dungeon Crawl Stone Soup version 0.25-a0-424-g80bd347ae0 (webtiles) character file.

Game seed: 298383068521490794, levelgen mode: deterministic

77 Alfie the Shooter (level 4, -13/34 HPs)
             Began as a Human Hunter on Jan 21, 2020.
             Killed by divine providence
             ... invoked by an orc priest
              (16 damage)
             ... on level 3 of the Dungeon.
             The game lasted 00:08:02 (1419 turns).

Alfie the Shooter (Human Hunter)                    Turns: 1419, Time: 00:08:03

Health: -13/34     AC:  3    Str: 13    XL:     4   Next: 60%
Magic:  4/4        EV: 12    Int: 11    God:
Gold:   93         SH:  0    Dex: 14    Spells: 3/3 levels left

rFire    . . .     SeeInvis .   b - +1 short sword
rCold    . . .     Gourm    .   (no shield)
rNeg     . . .     Faith    .   c - +0 leather armour
rPois    .         Spirit   .   (no helmet)
rElec    .         Reflect  .   i - scarf {cloud immunity}
rCorr    .         Harm     .   (no gloves)
MR       .....                  (no boots)
Stlth    ++........             (no amulet)
HPRegen  0.11/turn              (no ring)
MPRegen  0.09/turn              (no ring)

@: no status effects
A: no striking features
a: no special abilities


You were on level 3 of the Dungeon.
You were not hungry.

You visited 1 branch of the dungeon, and saw 3 of its levels.

You collected 93 gold pieces.

Inventory:

Hand Weapons
 a - a +1 shortbow
 b - a +1 short sword (weapon)
Missiles
 d - 25 arrows
 h - 12 poisoned darts (quivered)
Armour
 c - a +0 leather armour (worn)
 i - a scarf of cloud immunity (worn)
Scrolls
 e - a scroll of teleportation
Potions
 f - a potion of brilliance {unknown}


   Skills:
 + Level 2.4 Fighting
 + Level 0.3 Short Blades
 + Level 5.1 Bows
 + Level 0.2 Throwing
 + Level 0.6 Armour
 + Level 2.1 Dodging
 + Level 1.2 Stealth


You had 3 spell levels left.
You didn't know any spells.
Your spell library was empty.

Dungeon Overview and Level Annotations

Branches:
Dungeon (3/15)

Altars:


Message History

There is an open door here.
You hit the orc.
The orc is severely wounded.
The orc closely misses you.
You closely miss the orc.
The orc is severely wounded.
The orc hits you.
* * * LOW HITPOINT WARNING * * *
You closely miss the orc.
The orc is severely wounded.
The orc hits you.
* * * LOW HITPOINT WARNING * * *
You closely miss the orc.
The orc is heavily wounded.
The orc misses you.
You barely miss the orc.
The orc is heavily wounded.
The orc priest calls down the wrath of Beogh upon you.
Beogh smites you!
You die...

.####.....#.# #.####..###....
).........#.###.####...........##
###....####..........#####.....o.
# #.##.# ######.#.#.....#.......
###.##.# #.#...###+#......
'....#.# #........oo....#
######.# ######.........# #
#.##############.........# #
#.##......†@oooo.........# #
#.##.###########........?# #
###.##.# #.........# # #...##.#
#.........# #.####.# #.........#
#.# #†# #.........# #.####.#
#.........# #......# #.........#
######.#


You could see an orc priest and 3 orcs.

Vanquished Creatures
  An adder (D:3)
  A worm (D:3)
  3 dart slugs
  4 orcs (D:3)
  11 bats
  3 giant cockroaches
  6 goblins
  6 hobgoblins
  2 jackals (D:1)
  3 frilled lizards
  4 kobolds
  7 rats
51 creatures vanquished.

Notes
Turn   | Place    | Note
-------+----------+-------------------------------------------
     0 | D:1      | Alfie the Human Hunter began the quest for the Orb.
     0 | D:1      | Reached XP level 1. HP: 16/16 MP: 1/1
   122 | D:1      | Reached XP level 2. HP: 22/22 MP: 2/2
   263 | D:1      | Reached XP level 3. HP: 16/27 MP: 3/3
   980 | D:2      | Reached skill level 5 in Bows
  1138 | D:3      | Reached XP level 4. HP: 29/33 MP: 4/4
  1419 | D:3      | Killed from afar by an orc priest

Levels and vault maps discovered:
D:1:      lightli_arrival_boilingwater, layout_basic
D:2:      layout_rooms, zin_statuary, hangedman_decor_points,
          minmay_misc_feat_encased, minmay_vboxes, uniq_robin, uniq_natasha
D:3:      layout_basic

Skill      XL: |  1  2  3 |
---------------+----------+-----
Bows           | 5 |  5.1
Fighting       | |  2.4
Short Blades   | |  0.3
Throwing       | |  0.2
Armour         | |  0.6
Dodging        | |  2.1
Stealth        | |  1.2

Action                   |  1- 3 |  4- 6 || total
-------------------------+-------+-------++-------
Melee: Short sword       |    36 |    26 ||    62
 Fire: Shortbow          |    68 |    14 ||    82
Throw: Dart              |    20 |     6 ||    26
  Use: Scroll            |     3 |     3 ||     6
       Potion            |     1 |     1 ||     2
  Eat: Ration            |     1 |       ||     1
Armor: Leather armour    |    32 |     4 ||    36
Dodge: Dodged            |    58 |    18 ||    76

Table legend:
 A = Non-vault XP
 B = Vault XP
 C = Vault XP percentage of total XP
 D = Non-vault monster count
 E = Vault monster count
 F = Vault count percentage of total count
                 A         B        C        D         E       F
            +---------+---------+-------+---------+---------+-------
      Total |     109 |       2 |   1.8 |      50 |       1 |   2.0
            +---------+---------+-------+---------+---------+-------
        D:1 |      48 |       0 |   0.0 |      27 |       0 |   0.0
        D:2 |       6 |       2 |  25.0 |       4 |       1 |  20.0
        D:3 |      55 |       0 |   0.0 |      19 |       0 |   0.0
            +---------+---------+-------+---------+---------+-------
